 Dungeon Crawl Stone Soup version 0.16.1-18-g436b03c (webtiles) character file.

5623 Miyamura the Ducker (level 10, 0/69 HPs)
             Began as an Octopode Wizard on May 10, 2015.
             Was an Initiate of Ashenzari.
             Killed by divine providence
             ... invoked by an orc priest
              (14 damage)
             ... on level 8 of the Dungeon on May 11, 2015.
             The game lasted 01:27:23 (17764 turns).

Miyamura the Ducker (Octopode Wizard)              Turns: 17764, Time: 01:27:23

Health: 0/69       AC:  1    Str:  6    XL:     10   Next: 73%
Magic:  20/24      EV: 18    Int: 22    God:    Ashenzari [......]
Gold:   456        SH:  0    Dex: 19    Spells: 7 memorised, 7 levels left

rFire  . . .     SeeInvis .     m - +2 spear (chaos)
rCold  . . .     Clarity  .     (no shield)
rNeg   . . .     SustAb   +     b - +0 hat
rPois  .         Gourm    .     (no amulet)
rElec  .         Spirit   .     I - ring of sustain abilities
rCorr  .         Warding  .     t - +4 ring of dexterity
rMut   .         Stasis   .     v - ring of flight
MR     .....                    (no ring)
Stlth  ++++......               (no ring)
                                (no ring)
                                (no ring)
                                (no ring)

@: very slightly contaminated, not resistant to hostile enchantments, stealthy
A: almost no armour, amphibious, 8 rings, constrict 8, camouflage 1, agile 1,
gelatinous body 1
a: Renounce Religion, Evoke Flight


You were on level 8 of the Dungeon.
You worshipped Ashenzari.
Ashenzari was noncommittal.
You were not hungry.

You visited 2 branches of the dungeon, and saw 10 of its levels.

You collected 506 gold pieces.
You spent 50 gold pieces at shops.

Inventory:

Hand weapons
 e - a +4 quarterstaff of chaos
 g - a +0 dagger of electrocution
 k - a cursed +2 dagger of chaos
 m - a +2 spear of chaos (weapon)
Armour
 b - a +0 hat (worn)
Jewellery
 t - a +4 ring of dexterity (right tentacle)
 v - a ring of flight (on tentacle)
 I - a ring of sustain abilities (left tentacle)
Magical devices
 p - a wand of fireball (2)
 s - a wand of fire (7)
 y - a wand of disintegration (8)
 z - a wand of disintegration (15)
 D - a wand of hasting (3)
 E - a wand of frost (34)
 F - a wand of heal wounds (0)
Scrolls
 r - a scroll of magic mapping
 A - a scroll of recharging
 G - a scroll of enchant armour {unknown}
Potions
 f - a potion of agility
 i - 3 potions of cancellation
 n - a potion of resistance
 o - a potion of curing
 w - a potion of heal wounds {unknown}
 x - a potion of brilliance {unknown}
 B - a potion of beneficial mutation {unknown}
 C - a potion of mutation {unknown}
 J - a potion of restore abilities
Books
 c - a book of Minor Magic

   Spells                             Type                      Level
   a - Magic Dart                     Conjuration                  1
   b - Blink                          Translocation                2
   c - Call Imp                       Summoning                    2
   d - Repel Missiles                 Charms/Air                   2
   e - Slow                           Hexes                        2
   f - Conjure Flame                  Conjuration/Fire             3
   g - Mephitic Cloud                 Conjuration/Poison/Air       3
 j - a book of Maledictions

   Spells                             Type                      Level
   a - Corona                         Hexes                        1
   b - Sure Blade                     Hexes/Charms                 2
   c - Ensorcelled Hibernation        Hexes/Ice                    2
   d - Confuse                        Hexes                        3
   e - Dazzling Spray                 Conjuration/Hexes            3
   f - Enslavement                    Hexes                        4
Comestibles
 a - 5 fruits
 d - 8 bread rations
 h - 2 slices of pizza
 l - 3 meat rations
 q - a chunk of flesh


   Skills:
 + Level 6.8 Fighting
 * Level 7.5 Dodging
 - Level 4.0 Stealth
 + Level 6.9 Spellcasting
 - Level 7.2 Conjurations
 - Level 4.1 Hexes
 - Level 5.0 Summonings
 - Level 1.0 Translocations


You had 7 spell levels left.
You knew the following spells:

 Your Spells              Type           Power        Failure   Level  Hunger
a - Magic Dart            Conj           ####         1%          1    None
b - Blink                 Tloc           N/A          10%         2    None
c - Confuse               Hex            ####....     6%          3    None
e - Slow                  Hex            ####....     2%          2    None
i - Call Imp              Summ           ####....     1%          2    None
m - Mephitic Cloud        Conj/Pois/Air  ###.....     12%         3    None
r - Repel Missiles        Chrm/Air       #.....       14%         2    None


Dungeon Overview and Level Annotations

Branches:
Dungeon (9/15)             Temple (1/1) D:6            Lair (0/8) D:9
    Orc: D:9-12

Altars:
Ashenzari
Dithmenos
Elyvilon
Fedhas
Gozag
Kikubaaqudgha
Makhleb
Nemelex Xobeh
Okawaru
Qazlal
Ru
Trog
Vehumet
Xom
Yredelemnul
Zin
The Shining One

Shops:
D:4 %   D:6 *

Annotations:
D:7 4 runed doors, Dowan; Duvessa; emiel's ghost, experienced HuGl
D:9 Erolcha


Innate Abilities, Weirdness & Mutations

You cannot wear most types of armour.
You are amphibious.
You can wear up to eight rings at the same time.
You can use your tentacles to constrict many enemies at once.
Your skin changes colour to match your surroundings (Stealth).
Your rubbery body absorbs attacks (AC +1).
You are agile. (Dex +2)


Message History

The orc priest calls down the wrath of Beogh upon you.
You struggle to resist.
You climb upwards.
There is a stone staircase leading down, spattered with blood here.
Read which item? (? for menu, Esc to quit)
Okay, then.
Casting: Call Imp
Confirm with . or Enter, or press ? or * to list all spells.
You miscast Blink.
You are very lightly contaminated with residual magic.
Strange energies run through your body. Something hits you but does no damage.
The orc closely misses you. The orc priest barely misses you.
Unknown command.
Casting: Blink
Confirm with . or Enter, or press ? or * to list all spells.
You blink.
Something tries to affect you, but you resist.
The orc priest invokes the aid of Beogh against you.
Something smites you!
You die...

#†######.>...### #.# #.#
#..#....>##### #.# #.#
##[..##### ###.## #.#
###[.## #...)# #.# ).....##
#....# ###.# #####..####
#....# #...# # ##..[.####
#....###.###
####....####....#.....#
##...).)@o...#.....#
###..#.####....#.....#
#####...##..###.o..#.....#
###.....#####..##....#<....#
....##### ##.#######.....#
.#### #...# #.....# #######
###.## ##.....# ......#
#..###..#####
......###########).##.#####


You could see an orc priest and an orc.

Vanquished Creatures
  Pikel (D:7)
  Psyche (D:8)
  Grinder (D:3)
  Prince Ribbit (D:6)
  5 yaks (D:8)
  A hippogriff (D:8)
  Eustachio (D:6)
  Edmund (D:8)
  Menkaure (D:5)
  A water moccasin (D:7)
  An ice beast (D:9)
  3 ogres
  A slave (D:7)
  3 orc warriors
  A sky beast (D:9)
  A phantom (D:8)
  A crocodile (D:8)
  Sigmund (D:2)
  2 centaurs (D:6)
  3 giant frogs
  A scorpion (D:8)
  A killer bee (D:9)
  3 jellies (D:6)
  2 goliath beetles
  4 wights
  3 crimson imps
  2 iguanas
  A centaur skeleton (D:5)
  3 hounds
  6 orc priests
  A giant frog skeleton (D:6)
  6 worker ants
  8 orc wizards
  A worker ant zombie (D:5)
  Robin (D:3)
  3 gnolls (D:2)
  2 giant mites
  A shadow imp (D:8)
  5 adders
  A river rat (D:8)
  An orc zombie (D:9)
  2 giant geckos
  13 orcs
  3 bat skeletons
  5 giant cockroaches
  14 hobgoblins
  4 jackals
  14 kobolds
  2 quokkas
  4 ball pythons
  16 bats
  A giant gecko zombie (D:5)
  6 giant newts
  19 goblins
  A quokka skeleton (D:5)
  7 rats
  4 ballistomycetes (D:7)
202 creatures vanquished.

Vanquished Creatures (collateral kills)
  A human (D:8)
  A hungry ghost (D:8)
  A wasp (D:9)
  A slave (D:6)
  A sky beast (D:6)
  A phantom (D:7)
  An ice beast (D:7)
  An ogre (D:9)
  3 giant frogs
  A water moccasin zombie (D:5)
  A scorpion (D:7)
  A wight (D:7)
  2 killer bees (D:9)
  An orc priest (D:9)
  Crazy Yiuf (D:2)
  A hound (D:6)
  A jelly (D:6)
  2 iguanas (D:8)
  3 orc wizards
  2 worker ants
  A killer bee zombie (D:9)
  A mummy (D:7)
  5 adders
  7 gnolls
  A giant mite (D:3)
  A shadow imp (D:9)
  2 worms
  An adder skeleton (D:7)
  A giant gecko (D:2)
  An ooze (D:1)
  15 orcs
  A giant cockroach (D:2)
  3 goblins (D:3)
  A hobgoblin (D:4)
  2 quokkas
  A ball python (D:2)
  6 jackals
77 creatures vanquished.

Vanquished Creatures (others)
  2 slaves (D:7)
  A giant frog (D:7)
  39 crimson imps
  6 iron imps
  An adder (D:6)
  3 gnolls (D:7)
  8 shadow imps
  34 white imps
  A bat (D:7)
  A bat zombie (D:7)
  3 giant spores (D:7)
  A plant (D:9)
100 creatures vanquished.

Grand Total: 379 creatures vanquished

Notes
Turn   | Place    | Note
--------------------------------------------------------------
     0 | D:1      | Miyamura, the Octopode Wizard, began the quest for the Orb.
     0 | D:1      | Reached XP level 1. HP: 11/11 MP: 4/4
   203 | D:1      | Reached XP level 2. HP: 17/17 MP: 4/6
   222 | D:1      | Learned a level 2 spell: Call Imp
   965 | D:2      | Reached XP level 3. HP: 22/22 MP: 5/7
  1120 | D:2      | Noticed Sigmund
  1306 | D:2      | Reached skill level 1 in Fighting
  1564 | D:2      | Found a glowing golden altar of the Shining One.
  1568 | D:2      | Found an iron altar of Okawaru.
  1610 | D:2      | HP: 1/23 [poisoned by an adder]
  1946 | D:2      | Found a shimmering altar of Xom.
  1986 | D:2      | Reached XP level 4. HP: 28/28 MP: 6/9
  2105 | D:2      | Noticed Crazy Yiuf
  2252 | D:2      | Killed Crazy Yiuf
  2606 | D:2      | Learned a level 2 spell: Blink
  2609 | D:2      | Learned a level 2 spell: Repel Missiles
  2612 | D:2      | Learned a level 2 spell: Slow
  3023 | D:2      | Reached XP level 5. HP: 33/33 MP: 4/11
  3405 | D:2      | Found a shimmering altar of Xom.
  3701 | D:3      | Reached skill level 4 in Stealth
  4207 | D:3      | Noticed Grinder
  4459 | D:4      | You fall through a shaft for 3 floors!
  4479 | D:7      | Found a huge runed gate.
  4479 | D:7      | Found a huge runed gate.
  4479 | D:7      | Noticed a wolf
  4479 | D:7      | Noticed Duvessa
  4480 | D:7      | Found a huge runed gate.
  4480 | D:7      | Noticed a yak
  4481 | D:7      | Noticed a wolf
  4481 | D:7      | Noticed a black bear
  4481 | D:7      | Noticed a black bear
  4482 | D:7      | Noticed a black bear
  4483 | D:7      | Noticed a slave
  4487 | D:7      | Noticed a slave
  4488 | D:7      | Noticed Pikel
  4488 | D:7      | Noticed a slave
  4490 | D:7      | Noticed a slave
  4500 | D:6      | Found Showean's General Store.
  4507 | D:6      | Killed a slave
  4618 | D:6      | Noticed a centaur
  4637 | D:5      | Entered Level 5 of the Dungeon
  4987 | D:4      | Reached XP level 6. HP: 21/39 MP: 2/13
  5293 | D:4      | Found Kledweg's Food Boutique.
  6029 | D:5      | Noticed Menkaure
  6031 | D:5      | Killed Menkaure
  6056 | D:5      | Noticed an orc warrior
  6291 | D:5      | Killed an orc warrior
  6291 | D:5      | Reached XP level 7. HP: 45/45 MP: 14/17
  6490 | D:5      | You fall through a shaft!
  6530 | D:6      | Noticed a sky beast
  6756 | D:5      | Learned a level 3 spell: Mephitic Cloud
  7079 | D:6      | Bought a scroll of remove curse for 30 gold pieces
  7079 | D:6      | Bought a scroll of identify for 20 gold pieces
  7126 | D:6      | Killed a sky beast
  7442 | D:6      | Killed a centaur
  7586 | D:6      | Reached XP level 8. HP: 39/52 MP: 12/18
  7902 | D:6      | Noticed an ogre
  7920 | D:6      | Killed an ogre
  7921 | D:6      | Noticed an orc warrior
  7942 | D:6      | Killed an orc warrior
  8079 | D:6      | Found a staircase to the Ecumenical Temple.
  8196 | Temple   | Entered the Ecumenical Temple
  8416 | Temple   | Became a worshipper of Ashenzari the Shackled
  8593 | D:6      | Noticed Prince Ribbit
  8732 | D:6      | Killed Prince Ribbit
  8732 | D:6      | Reached skill level 5 in Dodging
  8904 | D:6      | Noticed Eustachio
  8916 | D:6      | Killed Eustachio
  9103 | D:7      | Noticed a phantom
  9261 | D:7      | Reached skill level 5 in Spellcasting
  9444 | D:7      | Killed a slave
  9477 | D:7      | Killed Pikel
  9477 | D:7      | Reached skill level 5 in Conjurations
  9477 | D:7      | Reached XP level 9. HP: 38/60 MP: 18/21
  9707 | D:7      | Learned a level 3 spell: Confuse
  9730 | D:7      | Noticed a hog
  9732 | D:7      | Noticed emiel's ghost (experienced HuGl)
  9816 | D:7      | Found a blossoming altar of Fedhas.
  9819 | D:7      | Found a basalt altar of Yredelemnul.
  9819 | D:7      | Found a sacrificial altar of Ru.
  9834 | D:7      | Reached skill level 5 in Fighting
  9913 | D:7      | Noticed a water moccasin
 10221 | D:7      | Noticed a wolf
 10222 | D:7      | Noticed a polar bear
 10223 | D:7      | Noticed a black bear
 10273 | D:7      | Noticed a polar bear
 10274 | D:7      | Noticed a wolf
 10275 | D:7      | Found a huge runed gate.
 10275 | D:7      | Noticed a hippogriff
 10276 | D:7      | Noticed Dowan
 10816 | D:7      | Killed a freed slave
 10864 | D:7      | Killed a freed slave
 11258 | D:5      | Reached skill level 1 in Hexes
 11757 | D:6      | Reached skill level 6 in Dodging
 12198 | D:7      | Killed a phantom
 12578 | D:7      | Killed a water moccasin
 13791 | D:8      | Reached XP level 10. HP: 50/68 MP: 19/24
 14252 | D:8      | Noticed Edmund
 14270 | D:8      | Killed Edmund
 14270 | D:8      | Reached skill level 7 in Dodging
 14299 | D:8      | Noticed Psyche
 14317 | D:8      | Killed Psyche
 14704 | D:2      | Killed Sigmund
 14897 | D:3      | Noticed Robin
 14914 | D:3      | Killed Robin
 14941 | D:3      | Paralysed by Grinder for 4 turns
 14945 | D:3      | Killed Grinder
 15581 | D:9      | Found a staircase to the Lair.
 17364 | D:9      | Gained mutation: You are agile. (Dex +2) [mutagenic meat]
 17457 | D:9      | Noticed Erolcha
 17691 | D:8      | Reached skill level 5 in Summonings
 17764 | D:8      | Killed from afar by an orc priest

Action                   |  1- 3 |  4- 6 |  7- 9 | 10-12 || total
-------------------------+-------+-------+-------+-------++-------
Melee: Club              |    33 |     2 |       |       ||    35
       Unarmed           |     2 |       |       |       ||     2
       Quarterstaff      |       |     5 |       |       ||     5
       Flail             |       |     1 |       |       ||     1
       Spear             |       |    78 |   366 |   208 ||   652
 Cast: Magic Dart        |    45 |    27 |    24 |    11 ||   107
       Call Imp          |    14 |    73 |   139 |    87 ||   313
       Repel Missiles    |       |     1 |     2 |       ||     3
       Blink             |       |     1 |    19 |    21 ||    41
       Slow              |       |       |    17 |     4 ||    21
       Confuse           |       |       |     3 |     5 ||     8
       Mephitic Cloud    |       |       |       |     1 ||     1
Evoke: Wand              |       |     3 |    15 |     3 ||    21
  Use: Scroll            |     5 |     6 |     7 |     3 ||    21
       Potion            |     5 |       |     1 |     1 ||     7
 Stab: Sleeping          |     1 |     8 |     2 |     1 ||    12
       Distracted        |       |     1 |     4 |     3 ||     8
       Confused          |       |       |     1 |     6 ||     7
       Petrifying        |       |       |     2 |       ||     2
       Paralysed         |       |       |     1 |     3 ||     4
  Eat: Chunk             |     4 |    16 |    16 |    13 ||    49
       Fruit             |       |       |     5 |     2 ||     7
       Bread ration      |       |       |     1 |       ||     1
